 Seeded DCSS version 0.30-a0-55-g90e3122c3a (webtiles) character file.

Game seed: 18168638616186862194 (custom seed)

72738 ravioli the Summoner (level 15, -3/90 HPs)
             Began as an Octopode Summoner on Sept 9, 2022.
             Was an Initiate of Gozag.
             Shot with an arrow by a centaur warrior (18 damage)
             ... on level 15 of the Dungeon.
             The game lasted 01:38:18 (31849 turns).

ravioli the Summoner (Octopode Summoner)           Turns: 31849, Time: 01:38:18

Health: -3/90      AC:  5    Str: 18    XL:     15   Next: 41%
Magic:  30/41      EV: 16    Int: 35    God:    Gozag
Gold:   615        SH:  0    Dex: 13    Spells: 5/41 levels left

rFire   . . .      SeeInvis +    l - +7 dagger "Vigaga" {spect, Fragile Str+3 Int+6 Stlth+}
rCold   + + .      Faith    .    (no shield)
rNeg    + . .      Spirit   .    b - +0 hat
rPois   +          Reflect  .    c - amulet of regeneration
rElec   .          Harm     .    g - +6 ring of strength
rCorr   .          Rampage  .    m - ring of positive energy
Will    +....                    D - +4 ring of protection
Stlth   ++++......               o - ring "Laefrie" {Wiz rC++}
HPRegen 1.05/turn                B - ring of magical power
MPRegen 0.27/turn                Q - ring of poison resistance
                                 U - +6 ring of intelligence
                                 V - ring of see invisible

@: no status effects
A: almost no armour, amphibious, 8 rings, camouflage 1, gelatinous body 1,
(nimble swimmer 1), tentacles
a: Renounce Religion, Potion Petition, Call Merchant, Bribe Branch


You were on level 15 of the Dungeon.
You worshipped Gozag.
Gozag was pleased with you.
You visited 3 branches of the dungeon, and saw 21 of its levels.

You collected 5668 gold pieces.
You spent 1901 gold pieces at shops.
You paid 3152 gold pieces to Gozag.

Inventory:

Hand Weapons
 l - the +7 dagger "Vigaga" (weapon) {spect, Fragile Str+3 Int+6 Stlth+}
   (You found it on level 3 of the Dungeon)

   When its wielder attacks, the weapon's spirit leaps out and strikes again.
   The spirit shares a part of any damage it takes with its wielder.
   Str:       It affects your strength (+3).
   Int:       It affects your intelligence (+6).
   Fragile:   It will be destroyed if unequipped.
   Stlth:     It makes you more stealthy.
Armour
 b - a +0 hat (worn)
Jewellery
 c - an amulet of regeneration (around mantle)
 g - a +6 ring of strength (left tentacle)
 m - a ring of positive energy (right tentacle)
 o - the ring "Laefrie" (on tentacle) {Wiz rC++}
   (You bought it in a shop on level 13 of the Dungeon)

   [ring of wizardry]

   It improves your spell success rate.
   rC:        It greatly protects you from cold.
 B - a ring of magical power (on tentacle)
 D - a +4 ring of protection (on tentacle)
 E - a ring of flight
 F - a ring of wizardry
 G - an amulet of the acrobat
 Q - a ring of poison resistance (on tentacle)
 R - an amulet of reflection
 U - a +6 ring of intelligence (on tentacle)
 V - a ring of see invisible (on tentacle)
 Y - a +4 ring of protection
Wands
 h - a wand of iceblast (1)
 j - a wand of mindburst (10)
 A - a wand of polymorph (7)
 T - a wand of charming (11)
 W - a wand of flame (28)
Scrolls
 f - 4 scrolls of enchant weapon
 i - 17 scrolls of teleportation
 k - 5 scrolls of noise
 p - 3 scrolls of fear
 s - 4 scrolls of magic mapping
 t - 2 scrolls of torment
 v - 2 scrolls of poison
 w - 3 scrolls of silence
 y - a scroll of immolation {unknown}
 C - 4 scrolls of enchant armour
 H - 3 scrolls of blinking
 J - 6 scrolls of vulnerability
 L - 3 scrolls of fog
 Z - a scroll of summoning {unknown}
Potions
 a - 2 potions of magic
 e - 6 potions of lignification
 n - 3 potions of brilliance
 q - a potion of resistance
 r - a potion of cancellation {unknown}
 u - 3 potions of flight
 x - 6 potions of curing
 z - 2 potions of invisibility {unknown}
 I - 2 potions of ambrosia {unknown}
 K - 4 potions of might
 M - a potion of heal wounds
 N - 3 potions of haste
 P - 3 potions of attraction
 S - 2 potions of berserk rage {unknown}
 X - a potion of mutation {unknown}
Miscellaneous
 O - a lightning rod (4/4)


   Skills:
 + Level 4.3 Fighting
 - Level 3.3 Short Blades
 - Level 8.3 Dodging
 - Level 3.0 Stealth
 - Level 13.5 Spellcasting
 - Level 5.0 Hexes
 - Level 14.1 Summonings
 - Level 5.0 Necromancy
 - Level 5.0 Translocations
 * Level 9.0 Transmutations
 + Level 10.0 Air Magic
 - Level 1.1 Evocations


You had 5 spell levels left.
You knew the following spells:

 Your Spells              Type           Power      Damage    Failure   Level
b - Call Canine Familiar  Summ           89%        N/A       0%          3
c - Summon Guardian Gole  Hex/Summ       74%        N/A       1%          3
d - Summon Lightning Spi  Summ/Air       83%        N/A       1%          4
e - Summon Cactus Giant   Summ           44%        N/A       1%          6
f - Monstrous Menagerie   Summ           44%        N/A       1%          7
g - Anguish               Hex/Necr       27%        N/A       1%          4
h - Blink                 Tloc           100%       N/A       1%          2
i - Storm Form            Tmut/Air       37%        N/A       12%         7

Your spell library contained the following spells:

 Spells                   Type           Power      Damage    Failure   Level
 Summon Small Mammal      Summ           100%       N/A       0%          1
 Call Imp                 Summ           89%        N/A       0%          2
 Sting                    Tmut/Pois      100%       1d8       1%          1
 Poisonous Vapours        Pois/Air       100%       N/A       1%          2
 Scorch                   Fire           46%        2d7       1%          2
 Dispel Undead            Necr           55%        3d20      1%          4
 Passage of Golubria      Tloc           55%        N/A       1%          4
 Summon Ice Beast         Ice/Summ       64%        N/A       1%          4
 Silence                  Hex/Air        33%        N/A       1%          5
 Manifold Assault         Tloc           55%        N/A       2%          5
 Flame Wave               Conj/Fire      23%        2d8       7%          4
 Olgreb's Toxic Radiance  Pois           23%        N/A       7%          4
 Death Channel            Necr           27%        N/A       14%         6
 Dispersal                Tloc           27%        N/A       14%         6
 Summon Horrible Things   Summ           44%        N/A       14%         8
 Enfeeble                 Hex            27%        N/A       56%         7
 Disjunction              Tloc           27%        N/A       99%         8
 Lehudib's Crystal Spear  Conj/Erth      11%        10d4      100%        8
 Corpse Rot               Necr/Pois/Air  Unusable   N/A       N/A         4

Dungeon Overview and Level Annotations

Branches:
Dungeon (15/15)            Temple (1/1) D:6            Lair (5/5) D:8
  Swamp (0/4) Lair:3       Spider (0/4) Lair:2        Slime (0/5) Lair:4
    Orc (0/2) D:9          Vaults (0/5) D:14
 Depths: D:15

Altars:
Ashenzari
Cheibriados
Dithmenos
Elyvilon
Fedhas
Gozag
Hepliaklqana
Kikubaaqudgha
Makhleb
Nemelex Xobeh
Okawaru
Qazlal
Ru
Sif Muna
Trog
Uskayaw
Vehumet
Wu Jian
Xom
Yredelemnul
Zin
The Shining One

Shops:
D:3 =   D:9 =   D:12 (   D:13 =   D:14 =   Lair:5 ?

Portals:
Abyss: D:14

Annotations:
D:4 3 runed translucent doors, spaghetti's ghost, amateur OgTm
D:6 1 runed translucent door, Crazy Yiuf
D:14 2 transporters, Karianen's ghost, adept KoBr
D:15 Rupert


Innate Abilities, Weirdness & Mutations

You cannot wear most types of armour.
You are amphibious.
You can wear up to eight rings at the same time.
Your skin changes colour to match your surroundings (Stealth+).
Your rubbery body absorbs attacks. (AC +1, EV +1)
((You are camouflaged when in or above water. (Stealth+)))
You have tentacles for arms and can constrict up to eight enemies at once.


Message History

Confirm with . or Enter, or press ? or * to list all spells.
The centaur warrior wields a +0 shortbow of freezing.
It is covered in frost.
The centaur warrior shoots an arrow.
The arrow hits your cactus giant!! The arrow freezes your cactus giant.
Casting: Summon Cactus Giant (dangerous; 1% risk of failure)
Confirm with . or Enter, or press ? or * to list all spells.
You summon a manticore!
The centaur warrior shoots an arrow.
The arrow hits your cactus giant! The arrow freezes your cactus giant.
The centaur warrior shoots an arrow.
The arrow hits your cactus giant!! The arrow freezes your cactus giant!
Your cactus giant hits the centaur warrior with a +0 giant spiked club!
The centaur warrior shoots an arrow.
The arrow hits your cactus giant. The arrow freezes your cactus giant.
The centaur warrior shoots an arrow.
The arrow hits your cactus giant! The arrow freezes your cactus giant.
The centaur warrior shoots an arrow.
The arrow hits your cactus giant! The arrow freezes your cactus giant.
Your cactus giant is destroyed!
Your cactus giant disappears in a puff of smoke!
The centaur warrior shoots an arrow.
The arrow barely misses your manticore. The arrow barely misses you.
The centaur warrior shoots an arrow.
The arrow barely misses your manticore. The arrow hits you!
The centaur warrior shoots an arrow.
The arrow completely misses your manticore.
The arrow hits you!!
* * * LOW HITPOINT WARNING * * *
The arrow freezes you.
* * * LOW HITPOINT WARNING * * *
Your manticore flicks its tail.
The volley of spikes hits the yaktaur!!
Blink to where?
Press: ? - help, Dir - move target
As you read the scroll of blinking, it crumbles to dust.
You hear a thunk.
A bolt appears from out of your range of vision.
You hear a thunk.
You hear a thunk.
There is a stone staircase leading up, spattered with blood here.
The centaur warrior shoots an arrow.
The arrow hits you!!
You die...
Your body crumbles into a pile of gold.

.#. #.. .# .. # #.# .#
.. #####.# .# #.. #
#..#..####.####
.####.#.............##
#.....#.H.............
#...#..#........##
###.##.#........#
#H#..'@.......# #.
#.#c##........#
#.~~##c#.##........#
#~~~~c...##........#
..~~~~c#####........#
..~~~~..............#
c.~~~~######........#
c.~~~~............###
c.~~~~##..........###.


You could see a centaur warrior and a friendly manticore (summoned).

Vanquished Creatures
  An unseen horror (D:11)
  A blink frog (Lair:2)
  A shadow (D:11)
  A swamp worm (Lair:3)
  A water moccasin (D:5)
  A boggart (D:13)
  3 nameless horrors
  2 bullfrogs
  2 killer bees (D:9)
  Natasha (D:2)
  An orc wizard (D:14)
  A gnoll (D:4)
  A worm (D:5)
  An orc (D:3)
  A hobgoblin (D:1)
  3 jackals (D:1)
  A bat (D:1)
  A goblin (D:1)
24 creatures vanquished.

Vanquished Creatures (collateral kills)
  Jorgrun (D:13)
  An ettin (D:15)
  6 hydras
  A boulder beetle (D:14)
  Erica (Lair:2)
  A death knight (D:14)
  2 two-headed ogres
  6 centaur warriors
  9 death yaks
  A deep elf knight (D:14)
  Nergalle (D:10)
  A hell knight (D:15)
  3 skeletal warriors (D:14)
  2 deep trolls (D:15)
  5 deep elf pyromancers
  2 necromancers (D:15)
  4 orc knights
  A deep elf zephyrmancer (D:14)
  9 ugly things
  3 cyclopes
  4 manticores
  2 black mambas
  11 elephants
  A gargoyle (D:12)
  11 cane toads
  3 molten gargoyles (D:9)
  A rime drake (Lair:5)
  Psyche (D:7)
  A kobold demonologist (D:14)
  Maggie (D:7)
  5 yaktaurs (D:14)
  A freezing wraith (D:14)
  2 unseen horrors
  9 komodo dragons
  3 tengu conjurers
  A polar bear (Lair:2)
  5 trolls
  A hornet (D:9)
  3 slime creatures (D:12)
  16 dream sheep
  9 blink frogs
  A water elemental (D:15)
  2 shadows
  27 yaks
  2 wyverns
  Grum (D:8)
  A hog (shapeshifter) (D:15)
  6 basilisks
  2 redbacks (Lair:2)
  8 vampire mosquitoes (D:12)
  3 steam dragons
  11 water moccasins
  7 orc warriors
  A swamp drake (D:9)
  3 acid dragons
  An ice beast (D:5)
  3 black bears
  A sky beast (D:6)
  4 wolves
  10 centaurs
  5 ogres
  4 boggarts (D:14)
  2 phantoms
  Blork the orc (D:6)
  10 kobold brigands
  4 nameless horrors
  12 bullfrogs
  3 gnoll sergeants
  4 scorpions
  3 wights (D:8)
  5 killer bees
  An electric eel (D:9)
  2 howler monkeys
  8 hounds
  5 orc priests
  7 jellies
  2 gnoll boudas
  10 orc wizards
  Natasha (twice) (D:2)
  3 iguanas
  2 scorpion zombies (D:4)
  15 gnolls
  7 adders
  2 river rats (D:8)
  2 shadow imps (D:6)
  A white imp (D:7)
  3 ufetubi (D:5)
  3 worms
  A dart slug (D:4)
  39 orcs
  7 endoplasms
  A giant cockroach (D:3)
  9 goblins
  4 hobgoblins
  12 jackals
  3 quokkas
  7 ball pythons
  2 bats
  3 frilled lizards (D:1)
  11 kobolds
  5 rats
477 creatures vanquished.

Vanquished Creatures (others)
  An orc knight (D:15)
  A molten gargoyle (D:9)
  An efreet (D:13)
  A troll (D:10)
  A yak (Lair:2)
  Edmund (D:6)
  An orc warrior (D:6)
  A centaur (D:13)
  2 wights (D:8)
  A killer bee (D:9)
  A gnoll bouda (D:4)
  An orc wizard (D:14)
  An orc (D:8)
  A bush (Lair:2)
  30 fungi
  64 plants
109 creatures vanquished.

Grand Total: 610 creatures vanquished

Notes
Turn   | Place    | Note
-------+----------+-------------------------------------------
     0 | D:1      | ravioli the Octopode Summoner began the quest for the Orb.
     0 | D:1      | Reached XP level 1. HP: 11/11 MP: 3/3
   211 | D:1      | Reached XP level 2. HP: 11/17 MP: 3/5
   611 | D:1      | Reached skill level 5 in Dodging
   611 | D:1      | Reached skill level 5 in Spellcasting
   611 | D:1      | Reached skill level 6 in Summonings
   611 | D:1      | Reached XP level 3. HP: 21/21 MP: 5/9
   905 | D:1      | Reached skill level 7 in Summonings
   984 | D:1      | Reached XP level 4. HP: 27/27 MP: 9/11
  1499 | D:1      | Found a faded altar of an unknown god.
  1770 | D:2      | Noticed Natasha
  1789 | D:2      | Learned a level 3 spell: Call Canine Familiar
  1793 | D:2      | Learned a level 3 spell: Summon Guardian Golem
  2347 | D:2      | Killed Natasha
  2522 | D:2      | Noticed Natasha
  2538 | D:2      | Killed Natasha
  2539 | D:2      | Reached XP level 5. HP: 29/31 MP: 6/12
  2635 | D:2      | Noticed Natasha
  2647 | D:2      | Killed Natasha
  3031 | D:3      | Found Erovobae's Jewellery Boutique.
  3190 | D:3      | Identified the +7 dagger "Vigaga" {spect, Fragile Str+3
                  | Int+6 Stlth+}
  3245 | D:3      | Reached XP level 6. HP: 27/36 MP: 9/14
  3686 | D:4      | You fall into a shaft and drop 3 floors!
  3726 | D:5      | Entered Level 5 of the Dungeon
  3891 | D:5      | Learned a level 4 spell: Summon Lightning Spire
  3898 | D:5      | Learned a level 6 spell: Summon Cactus Giant
  4042 | D:5      | Noticed a black bear
  4043 | D:5      | Noticed a water moccasin
  4064 | D:5      | Reached XP level 7. HP: 41/41 MP: 8/16
  4276 | D:4      | Found a runed translucent gate.
  4276 | D:4      | Found a runed translucent gate.
  4276 | D:4      | Found a runed translucent gate.
  4276 | D:4      | Noticed spaghetti's ghost (amateur OgTm)
  4278 | D:4      | Found a basalt altar of Yredelemnul.
  4651 | D:4      | Reached skill level 8 in Summonings
  4823 | D:5      | Reached XP level 8. HP: 39/46 MP: 15/18
  4935 | D:5      | Reached skill level 1 in Hexes
  5040 | D:5      | Identified the +5 falchion of the Oily God {vorpal, Drain
                  | rElec Dex+6}
  5425 | D:6      | Noticed Blork the orc
  5436 | D:6      | Killed Blork the orc
  5437 | D:6      | Reached XP level 9. HP: 51/51 MP: 15/21
  5725 | D:6      | Reached skill level 9 in Summonings
  5756 | D:6      | Found a staircase to the Ecumenical Temple.
  5784 | Temple   | Entered the Ecumenical Temple
  5798 | Temple   | Became a worshipper of Gozag Ym Sagoz the Greedy
  5859 | D:6      | Noticed Edmund
  5877 | D:6      | Killed Edmund
  6242 | D:6      | Found a runed translucent door.
  6383 | D:6      | Found an ancient bone altar of Kikubaaqudgha.
  6408 | D:6      | Found an ornate altar of the Wu Jian Council.
  6409 | D:6      | Found a glowing silver altar of Zin.
  6409 | D:6      | Found a radiant altar of Vehumet.
  6409 | D:6      | Found a glowing golden altar of the Shining One.
  6411 | D:6      | Found a shimmering blue altar of Sif Muna.
  6412 | D:6      | Found a bloodstained altar of Trog.
  6414 | D:6      | Found a sparkling altar of Nemelex Xobeh.
  6415 | D:6      | Found a burning altar of Makhleb.
  6472 | D:6      | Noticed Crazy Yiuf
  6840 | D:7      | Noticed Maggie
  7168 | D:8      | Noticed Grum
  7182 | D:8      | Noticed Psyche
  7191 | D:8      | Killed Grum
  7192 | D:8      | Reached skill level 1 in Air Magic
  7506 | D:7      | Killed Psyche
  7507 | D:7      | Reached skill level 10 in Summonings
  7507 | D:7      | Reached XP level 10. HP: 38/56 MP: 10/23
  8043 | D:7      | Killed Maggie
  8652 | D:8      | Reached skill level 1 in Short Blades
  8811 | D:8      | Noticed a death yak
  8819 | D:8      | Noticed a death yak
  8820 | D:8      | Killed a death yak
  8822 | D:8      | Noticed a death yak
  8831 | D:8      | Killed a death yak
  8832 | D:8      | Reached skill level 1 in Fighting
  8832 | D:8      | Reached skill level 10 in Spellcasting
  8835 | D:8      | Killed a death yak
  8836 | D:8      | Reached skill level 11 in Summonings
  8927 | D:8      | Found a staircase to the Lair.
  9024 | D:8      | Identified 2 scrolls of acquirement
  9077 | D:9      | Reached XP level 11. HP: 64/64 MP: 13/25
  9187 | D:9      | Acquired 694 gold pieces
  9299 | D:3      | Bought a ring of wizardry for 420 gold pieces
  9632 | D:9      | Identified the +1 leather armour of Servitude {Rampage
                  | SInv}
  9634 | D:9      | Found a blossoming altar of Fedhas.
  9759 | D:9      | Reached skill level 12 in Summonings
  9829 | D:9      | Found a staircase to the Orcish Mines.
  9960 | D:9      | Reached skill level 1 in Evocations
 10466 | D:9      | Acquired the Quarto of Creative Malignant Deeds
 10476 | D:9      | Learned a level 7 spell: Monstrous Menagerie
 11673 | D:10     | Entered Level 10 of the Dungeon
 11730 | D:10     | Found a stormy altar of Qazlal.
 11905 | D:3      | Bought a ring of magical power for 280 gold pieces
 11960 | D:3      | Learned a level 4 spell: Anguish
 12066 | Lair:1   | Entered Level 1 of the Lair of Beasts
 12237 | Lair:1   | Reached XP level 12. HP: 70/70 MP: 27/27
 12508 | Lair:1   | Identified the +8 halberd of Xadidyoff {spect, SInv}
 13068 | Lair:1   | Reached skill level 13 in Summonings
 13413 | Lair:2   | Noticed a death yak
 13413 | Lair:2   | Noticed a death yak
 13417 | Lair:2   | Noticed a death yak
 13727 | Lair:2   | Noticed a seven-headed hydra
 13737 | Lair:2   | Killed a seven-headed hydra
 13914 | Lair:2   | Noticed Erica
 14317 | Lair:2   | Noticed a four-headed hydra
 14322 | Lair:2   | Killed a four-headed hydra
 14790 | Lair:2   | Killed Erica
 14970 | Lair:2   | Found a hole to the Spider Nest.
 15527 | Lair:2   | Killed a death yak
 15530 | Lair:2   | Killed a death yak
 15531 | Lair:2   | Reached skill level 5 in Hexes
 15531 | Lair:2   | Reached XP level 13. HP: 47/74 MP: 6/29
 16100 | Lair:2   | Learned a level 2 spell: Blink
 16208 | Lair:2   | Learned a level 7 spell: Storm Form
 16254 | Lair:3   | Reached skill level 1 in Necromancy
 16443 | Lair:3   | Found a staircase to the Swamp.
 17426 | Lair:4   | Found a staircase to the Slime Pits.
 17814 | Lair:4   | Reached skill level 14 in Summonings
 18847 | Lair:5   | Entered Level 5 of the Lair of Beasts
 18852 | Lair:5   | Reached skill level 1 in Translocations
 18864 | Lair:5   | Reached skill level 1 in Transmutations
 18935 | Lair:5   | Bought a scroll of identify for 28 gold pieces
 18935 | Lair:5   | Bought a scroll of identify for 28 gold pieces
 18935 | Lair:5   | Bought a scroll of blinking for 105 gold pieces
 18935 | Lair:5   | Bought a scroll of teleportation for 42 gold pieces
 18935 | Lair:5   | Bought a scroll of teleportation for 42 gold pieces
 18935 | Lair:5   | Bought a scroll of teleportation for 42 gold pieces
 18935 | Lair:5   | Bought a scroll of noise for 14 gold pieces
 18935 | Lair:5   | Bought a scroll of identify for 28 gold pieces
 20128 | Lair:5   | Reached XP level 14. HP: 56/81 MP: 17/31
 20263 | Lair:5   | Reached skill level 5 in Necromancy
 20973 | D:10     | Noticed Nergalle
 20984 | D:10     | Killed Nergalle
 21334 | D:10     | Found a sacrificial altar of Ru.
 22185 | D:11     | Acquired a +6 ring of intelligence
 22325 | D:11     | Reached skill level 5 in Air Magic
 22875 | D:11     | Reached skill level 5 in Transmutations
 22944 | D:11     | Found a hide-covered altar of Uskayaw.
 22951 | D:11     | Identified the +10 falchion "Duliez" {flame, rPois rN+}
 23312 | D:12     | Reached skill level 5 in Translocations
 23603 | D:12     | Found Necu's Antique Weapon Shop.
 24561 | D:13     | Noticed Jorgrun
 25290 | D:13     | Killed Jorgrun
 27342 | D:14     | Found a transporter.
 27348 | D:14     | Noticed a tentacled starspawn
 27358 | D:14     | Noticed a green very ugly thing
 27358 | D:14     | Noticed a tentacled monstrosity
 27359 | D:14     | Found Sehiw's Jewellery Emporium.
 27363 | D:14     | Noticed Karianen's ghost (adept KoBr)
 27461 | D:14     | Found a transporter.
 27474 | D:14     | Noticed a tentacled starspawn
 27482 | D:14     | Noticed an orc warlord
 28103 | D:14     | Reached XP level 15. HP: 84/90 MP: 25/32
 28188 | D:14     | Found a gate to the Vaults.
 28247 | D:14     | Found a one-way gate to the infinite horrors of the Abyss.
 28657 | D:13     | Bought the ring "Laefrie" {Wiz rC++} for 872 gold pieces
 29274 | D:15     | Entered Level 15 of the Dungeon
 30255 | D:15     | Identified the +1 leather armour "Neivyur" {rElec MP-9
                  | Stlth+}
 30907 | D:15     | Noticed Rupert
 31622 | D:15     | Reached skill level 10 in Air Magic
 31849 | D:15     | Shot with an arrow by a centaur warrior

Illustrated notes

Levels and vault maps discovered:
D:1:      dpeg_arrival_pits, layout_basic, dilly_ecumenical_altar_fadedgnrine
D:2:      layout_basic, minmay_distorted, uniq_natasha
D:3:      layout_basic, serial_shops, nicolae_shop_waterfront
D:4:      layout_gridville, nicolae_yredelemnul_ghost_church
D:5:      minmay_evil_eye, layout_rooms
D:6:      layout_basic, minitemple, minmay_temple_entry_ruins, serial_curves,
          eino_curves_02, eino_curves_03, minmay_checkerbox, uniq_edmund,
          uniq_blork_the_orc, uniq_crazy_yiuf_cottage
D:7:      layout_basic, uniq_maggie
D:8:      layout_basic, dpeg_lair_monsters, uniq_grum, uniq_psyche
D:9:      layout_loops_ring, fedhas_altar_3,
          kennysheep_orc_monster_closet_entryway, enter_bailey_3, serial_bayou,
          serial_bayou_pond_b, serial_bayou_shore_a, serial_bayou_pond_e,
          serial_bayou_pond_b, minivault_8
D:10:     layout_loops_corners, lemuel_doored_altar, lemuel_crystal_altar,
          uniq_nergalle
D:11:     layout_stronghold, nicolae_water_bricks,
          eat_drink_and_be_merry_uskayaw
D:12:     layout_stronghold, serial_shops, shop, grunt_decor_cap
D:13:     hellmonk_destroyed_diamonds, layout_grid_maze, serial_bayou_ford_a,
          uniq_jorgrun
D:14:     layout_rooms, hangedman_vaults_entry_quadrant_bands,
          gammafunk_ghost_abyssal_escape, nicolae_two_hexagons, serial_shops,
          nicolae_shop_advertising_works [nicolae_subvault_shop_adworks]
D:15:     hangedman_depths_entry_civil_slaughter, layout_basic,
          interstate_on_off, minmay_the_grid_square_5x5_3x3_mashed
          [minmay_the_grid_square_5x5_comb, minmay_the_grid_square_5x5_fat_x,
          minmay_the_grid_square_5x5_two, minmay_the_grid_square_5x5_inner_i,
          minmay_the_grid_square_5x5_megaprize_hollow,
          minmay_the_grid_square_5x5_percent,
          minmay_the_grid_square_5x5_fancy_junction,
          minmay_the_grid_square_5x5_c, minmay_the_grid_square_5x5_n],
          uniq_rupert
Temple:   hellmonk_temple_rainy
Lair:1:   layout_cave_pods, serial_bayou_shore_b, lemuel_fruit_tree,
          grunt_megastairs_1
Lair:2:   layout_loops_ring, spider_nest_entry_webs, uniq_erica
Lair:3:   layout_misc_corridors, minmay_swamp_entry_worms, grunt_megastairs_3
Lair:4:   layout_concentric_octagons, slime_entry_1, serial_bayou_lagoon_b
Lair:5:   evil_forest, layout_cellular_growth

Skill      XL: |  1  2  3  4  5  6  7  8  9 10 11 12 13 14 15 |
---------------+----------------------------------------------+-----
Stealth        | 3 |  3.0
Dodging        | 5 6 7 8 |  8.3
Spellcasting   | 5 6 7 8 9 10 11 12 13 | 13.5
Summonings     | 6 7 8 10 11 12 13 14 | 14.1
Hexes          | 1 2 3 5 |  5.0
Air Magic      | 2 3 4 8 10 | 10.0
Short Blades   | 1 3 |  3.3
Fighting       | 1 2 3 4 |  4.3
Evocations     | 1 |  1.1
Necromancy     | 4 5 |  5.0
Translocations | 3 5 |  5.0
Transmutations | 3 8 9 |  9.0

Action                   |  1- 3 |  4- 6 |  7- 9 | 10-12 | 13-15 || total
-------------------------+-------+-------+-------+-------+-------++-------
Melee: Unarmed           |    12 |    13 |       |       |       ||    25
       Constrict         |     5 |     4 |     3 |     6 |     6 ||    24
       Tentacles         |     4 |     2 |     2 |    10 |    10 ||    28
       Dagger            |       |     1 |     5 |    23 |    31 ||    60
       Punch             |       |       |       |     1 |       ||     1
 Cast: Summon Small Mamm |    25 |    35 |    17 |     7 |     4 ||    88
       Call Canine Famil |       |    21 |    24 |    46 |    41 ||   132
       Summon Guardian G |       |     3 |    11 |     6 |     2 ||    22
       Summon Lightning  |       |       |     6 |    27 |    48 ||    81
       Summon Cactus Gia |       |       |       |    31 |    39 ||    70
       Monstrous Menager |       |       |       |    26 |   139 ||   165
       Blink             |       |       |       |       |     5 ||     5
       Anguish           |       |       |       |       |    10 ||    10
Invok: Call Merchant     |       |       |       |     1 |     2 ||     3
       Potion Petition   |       |       |       |       |     2 ||     2
Evoke: Wand              |       |       |       |     5 |     9 ||    14
       Lightning rod     |       |       |       |       |     1 ||     1
  Use: Potion            |     1 |       |       |     7 |     4 ||    12
       Scroll            |       |       |     5 |     5 |    15 ||    25
Armor: Skin              |     4 |     1 |     1 |    14 |    16 ||    36
Dodge: Dodged            |    15 |    29 |    32 |    73 |    77 ||   226

Table legend: (Time is in decaauts)
 A = Elapsed time spent in this place.
 B = Non-inter-level travel time spent in this place.
 C = Inter-level travel time spent in this place.
 D = Time resting spent in this place.
 E = Time spent auto-exploring this place.
 F = Levels seen in this place.
 G = Mean time per level.
                   A        B        C        D        E       F      G
               +--------+--------+--------+--------+--------+-----+--------+
         Total |  31871 |  30100 |   1771 |  11972 |  12777 |  21 | 1517.7 |
       Dungeon |  23107 |  21755 |   1352 |   8290 |   9192 |  15 | 1540.5 |
        Temple |     28 |     14 |     14 |      0 |      0 |   1 |   28.0 |
          Lair |   8734 |   8330 |    404 |   3682 |   3585 |   5 | 1746.8 |
               +--------+--------+--------+--------+--------+-----+--------+

Top non-repeatable levels by time:
    D:14: 2908 daAuts
     D:9: 2539 daAuts
  Lair:2: 2411 daAuts
    D:13: 2364 daAuts
  Lair:5: 1842 daAuts
    D:15: 1820 daAuts
  Lair:1: 1774 daAuts
     D:7: 1735 daAuts
     D:1: 1599 daAuts
  Lair:4: 1453 daAuts
    D:11: 1413 daAuts
    D:12: 1409 daAuts
     D:2: 1257 daAuts
  Lair:3: 1251 daAuts
     D:6: 1239 daAuts
